 Dungeon Crawl Stone Soup version 0.27-a0-861-g9529aa9bf3 (webtiles) character file.

Game seed: 3036009128452324150

24 DarkShadow the Ruffian (level 2, 0/29 HPs)
             Began as a Troll Berserker on Apr 2, 2021.
             Was a Follower of Trog.
             Slain by a gnoll
             ... wielding a +3 spear
              (12 damage)
             ... on level 1 of the Dungeon.
             The game lasted 00:00:49 (218 turns).

DarkShadow the Ruffian (Troll Berserker)             Turns: 218, Time: 00:00:50

Health: 0/29       AC:  4    Str: 24    XL:     2   Next: 79%
Magic:  1/1        EV: 10    Int:  3    God:    Trog [*.....]
Gold:   13         SH:  0    Dex:  9    Spells: 1/1 levels left

rFire    . . .     SeeInvis .     - Unarmed
rCold    . . .     Faith    .   (no shield)
rNeg     . . .     Spirit   .   a - +0 animal skin
rPois    .         Reflect  .   (helmet restricted)
rElec    .         Harm     .   (no cloak)
rCorr    .         Rampage  .   (gloves unavailable)
Will     .....                  (boots unavailable)
Stlth    +.........             (no amulet)
HPRegen  1.09/turn              (no ring)
MPRegen  0.07/turn              (no ring)

@: no status effects
A: large, unfitting armour, claws 3, regeneration 1, shaggy fur 1, tough skin 1
a: Renounce Religion, Berserk


You were on level 1 of the Dungeon.
You worshipped Trog.
Trog was aware of your devotion.
You visited 1 branch of the dungeon, and saw 1 of its levels.

You collected 13 gold pieces.

Inventory:

Armour
 a - a +0 animal skin (worn)


   Skills:
 + Level 2.6 Fighting
 + Level 2.6 Dodging
 + Level 3.6 Unarmed Combat


You had one spell level left.
You didn't know any spells.
Your spell library was empty.

Dungeon Overview and Level Annotations

Branches:
Dungeon (1/15)

Altars:


Innate Abilities, Weirdness & Mutations

You are too large for most types of armour.
You have claws for hands.
Your natural rate of healing is unusually fast.
You are covered in fur. (AC +1)
You have tough skin. (AC +1)


Message History

The jackal closely misses you. The jackal barely misses you.
You claw the giant cockroach!
You kill the giant cockroach!
Trog accepts your kill. The jackal barely misses you. x2
The jackal bites you but does no damage.
The jackal closely misses you. The quokka barely misses you.
You closely miss the quokka. The quokka barely misses you.
The jackal bites you but does no damage.
The ball python completely misses you.
You closely miss the jackal. The quokka bites you.
The jackal barely misses you.
The jackal bites you but does no damage.
The gnoll hits you from afar with a +3 spear.
The ball python bites you.
You barely miss the jackal. The jackal closely misses you.
The jackal bites you.
The quokka bites you but does no damage.
The jackal bites you.
The gnoll hits you from afar with a +3 spear!
The jackal barely misses you.
The ball python bites you but does no damage.
The jackal bites you but does no damage.
The quokka bites you but does no damage.
The jackal bites you.
You scratch the jackal.
The jackal is heavily wounded.
The jackal bites you but does no damage.
The jackal barely misses you. The gnoll barely misses you.
The ball python barely misses you.
The jackal bites you but does no damage.
The quokka bites you but does no damage.
You barely miss the jackal.
The jackal is heavily wounded.
The jackal barely misses you. The jackal bites you.
The jackal closely misses you.
The ball python bites you but does no damage.
The gnoll hits you from afar with a +3 spear!
You die...

##.......#
................... ##
................... ...
#................#
...###...........>.....
.##....................#
.....#..K...........[.##
.......hhg......#..##...
..!..?r@hr........†..).†
....[...Sg...####...####
###.[###..#.....##......
## ##...............
#...........#r..
#..........#$#..#
...........##.....
.#.......#..##.... ..###
#....


You could see a gnoll, a quokka, 3 jackals, a goblin, a ball python, a kobold
and a rat.

Vanquished Creatures
  A dart slug (D:1)
  2 endoplasms (D:1)
  3 giant cockroaches (D:1)
  A hobgoblin (D:1)
  4 jackals (D:1)
  A kobold (D:1)
  2 quokkas (D:1)
  2 bats (D:1)
  A frilled lizard (D:1)
  A goblin (D:1)
  A rat (D:1)
19 creatures vanquished.

Notes
Turn   | Place    | Note
-------+----------+-------------------------------------------
     0 | D:1      | DarkShadow the Troll Berserker began the quest for the Orb.
     0 | D:1      | Reached XP level 1. HP: 22/22 MP: 0/0
    81 | D:1      | Reached XP level 2. HP: 29/29 MP: 1/1
   218 | D:1      | Slain by a gnoll

Illustrated notes

Levels and vault maps discovered:
D:1:      grunt_arrival_lava_bath, layout_rooms

Action                   || total
-------------------------++-------
Melee: Unarmed           ||    52
Armor: Animal skin       ||    48
Dodge: Dodged            ||    72

Table legend: (Time is in decaauts)
 A = Elapsed time spent in this place.
 B = Non-inter-level travel time spent in this place.
 C = Inter-level travel time spent in this place.
 D = Time resting spent in this place.
 E = Time spent auto-exploring this place.
 F = Levels seen in this place.
 G = Mean time per level.
                   A        B        C        D        E       F      G
               +--------+--------+--------+--------+--------+-----+--------+
         Total |    214 |    214 |      0 |      0 |     41 |   1 |  214.0 |
       Dungeon |    214 |    214 |      0 |      0 |     41 |   1 |  214.0 |
               +--------+--------+--------+--------+--------+-----+--------+

Top non-repeatable levels by time:
     D:1: 214 daAuts
